 Dungeon Crawl Stone Soup version 0.22-a0-603-gfc1114d (webtiles) character file.

25 Amnesiac the Magician (level 2, 0/15 HPs)
             Began as a Deep Elf Wizard on July 8, 2018.
             Slain by an orc
             ... wielding a +0 whip
              (5 damage)
             ... on level 3 of the Dungeon.
             The game lasted 00:01:07 (665 turns).

Amnesiac the Magician (Deep Elf Wizard)              Turns: 665, Time: 00:01:07

Health: 0/15       AC:  2    Str:  4    XL:     2   Next: 82%
Magic:  1/9        EV: 13    Int: 22    God:
Gold:   16         SH:  0    Dex: 13    Spells: 5/10 levels left

rFire    . . .     SeeInvis .   m - +1 flail (protect)
rCold    . . .     Gourm    .   (no shield)
rNeg     . . .     Faith    .   a - +0 robe
rPois    .         Spirit   .   b - +0 hat
rElec    .         Reflect  .   (no cloak)
rCorr    .         Harm     .   (no gloves)
MR       .....                  (no boots)
Stlth    ++........             (no amulet)
HPRegen  0.05/turn              (no ring)
MPRegen  0.11/turn              (no ring)

@: no status effects
A: no striking features
a: no special abilities


You were on level 3 of the Dungeon.
You were not hungry.

You visited 1 branch of the dungeon, and saw 3 of its levels.

You collected 16 gold pieces.

Inventory:

Hand Weapons
 i - a +3 short sword of speed
 m - a +1 flail of protection (weapon)
Armour
 a - a +0 robe (worn)
 b - a +0 hat (worn)
Scrolls
 e - a scroll of immolation {!r, unknown}
 g - a scroll of enchant weapon {!r, unknown}
 k - a scroll of amnesia {!r, unknown}
 l - a scroll of identify {!r, unknown}
Potions
 c - a potion of berserk rage {!q, unknown}
 f - a potion of ambrosia {!q, unknown}
 j - 2 potions of curing {!q, unknown}
Comestibles
 d - a ration
 h - a chunk of flesh


   Skills:
 - Level 2.4 Dodging
 - Level 2.4 Stealth
 - Level 4.5 Spellcasting
 * Level 3.1 Conjurations
 - Level 1.1 Summonings
 - Level 1.1 Translocations


You had 5 spell levels left.
You knew the following spells:

 Your Spells              Type           Power        Failure   Level  Hunger
a - Magic Dart            Conj           ###.         3%          1    None
b - Call Imp              Summ           #.......     11%         2    #......
v - Blink                 Tloc           N/A          11%         2    #......

Your spell library contained the following spells:

 Spells                   Type           Power        Failure   Level  Hunger
 Conjure Flame            Conj/Fire      ##......     17%         3    ##.....
 Slow                     Hex            #.......     16%         2    #......
 Mephitic Cloud           Conj/Pois/Air  #.......     21%         3    ##.....


Dungeon Overview and Level Annotations

Branches:
Dungeon (3/15)

Altars:


Message History

You don't have enough magic to cast that spell.
You completely miss the orc.
The orc is lightly wounded.
The orc hits you with a flail of protection.
* * * LOW HITPOINT WARNING * * *
Some of the chunks of flesh in your inventory have rotted away.
Casting: Magic Dart (safe; 3% risk of failure)
Confirm with . or Enter, or press ? or * to list all spells.
You don't have enough magic to cast that spell.
You hit the orc but do no damage. The orc misses you.
Casting: Magic Dart (safe; 3% risk of failure)
Confirm with . or Enter, or press ? or * to list all spells.
You don't have enough magic to cast that spell.
You closely miss the orc.
Casting: Magic Dart (safe; 3% risk of failure)
Confirm with . or Enter, or press ? or * to list all spells.
You don't have enough magic to cast that spell.
You hit the orc but do no damage. The orc misses you.
Casting: Magic Dart (safe; 3% risk of failure)
Confirm with . or Enter, or press ? or * to list all spells.
Aiming: Magic Dart (safe; 3% risk of failure)
Press: ? - help, Shift-Dir - straight line, f/p - orc
Aim: an orc, wielding a flail of protection and wearing a leather armour The magic dart hits the orc.
The orc misses you.
You barely miss the orc.
Casting: Magic Dart (safe; 3% risk of failure)
Confirm with . or Enter, or press ? or * to list all spells.
You don't have enough magic to cast that spell.
You hit the orc.
The orc is heavily wounded.
The orc misses you.
Casting: Magic Dart (safe; 3% risk of failure)
Confirm with . or Enter, or press ? or * to list all spells.
You don't have enough magic to cast that spell.
You hit the orc.
You kill the orc!
Casting: Magic Dart (safe; 3% risk of failure)
Confirm with . or Enter, or press ? or * to list all spells.
You don't have enough magic to cast that spell.
You now have 16 gold pieces.
Things that are here:
a flail of protection; 19 stones; a leather armour
Casting: Magic Dart (safe; 3% risk of failure)
Confirm with . or Enter, or press ? or * to list all spells.
You don't have enough magic to cast that spell.
Casting: Magic Dart (safe; 3% risk of failure)
Confirm with . or Enter, or press ? or * to list all spells.
You don't have enough magic to cast that spell.
Unknown command.
Unknown command.
You start resting.
An orc comes into view. It is wielding a whip.
An orc is nearby!
Things that are here:
a flail of protection; 19 stones; a leather armour
m - a flail of protection You see here a jackal corpse.
Wield which item (- for none, * to show all)? (? for menu, Esc to quit)
Your +1 flail of protection hums with potential!
m - a +1 flail of protection (weapon)
Unknown command.
You closely miss the orc. The orc closely misses you.
The orc hits you with a whip.
You die...

#.#. #.#.......
#.#..#....##o####.
#.#...............
#.#.....((#....##.
#.#.####(##....# #.#.
#o##....# #.#.#
#.###.#.... #(#.# #.#
#.#.##. #@#.####.# #.# #
#o#....o.# #.#
#.#......# #.#####
#.#......# #......
#.#.....##########
#(................
#######################.
#.......).......#####...
##.########.............


You could see an orc.

Vanquished Creatures
  A gnoll (D:3)
  2 orcs (D:3)
  A giant cockroach (D:3)
  2 goblins (D:1)
  3 jackals (D:3)
  A bat (D:3)
  A frilled lizard (D:3)
  A kobold (D:3)
  A rat (D:3)
13 creatures vanquished.

Notes
Turn   | Place    | Note
-------+----------+-------------------------------------------
     0 | D:1      | Amnesiac the Deep Elf Wizard began the quest for the Orb.
     0 | D:1      | Reached XP level 1. HP: 10/10 MP: 7/7
   395 | D:3      | Reached XP level 2. HP: 13/15 MP: 1/9
   416 | D:3      | Learned a level 2 spell: Blink
   419 | D:3      | Learned a level 2 spell: Call Imp
   665 | D:3      | Slain by an orc

Vault maps used:
D:1:      evilmike_arrival_home_sweet_home
D:2:      kennysheep_cross_bottleneck

Skill      XL: |  1  2 |
---------------+-------+-----
Conjurations   | 2 3 |  3.1
Dodging        | |  2.4
Stealth        | |  2.4
Spellcasting   | |  4.5
Summonings     | |  1.1
Translocations | |  1.1

Action                   || total
-------------------------++-------
Melee: Short sword       ||    10
       Unarmed           ||     3
       Flail             ||     1
 Cast: Magic Dart        ||    36
Armor: Robe              ||     3
Dodge: Dodged            ||    23

Table legend:
 A = Spawn XP
 B = Non-spawn XP
 C = Spawn XP percentage of total XP
 D = Spawn monster count
 E = Non-spawn monster count
 F = Spawn count percentage of total count
 G = Total turns spent on level
                    A         B        C        D         E        F      G
               +---------+---------+-------+---------+---------+-------+---------
         Total |       0 |      36 |   0.0 |       0 |      13 |   0.0 |   665
               +---------+---------+-------+---------+---------+-------+---------
           D:1 |       0 |       4 |   0.0 |       0 |       2 |   0.0 |    58
           D:3 |       0 |      32 |   0.0 |       0 |      11 |   0.0 |   592
               +---------+---------+-------+---------+---------+-------+---------
